 Dungeon Sprint DCSS version 0.31-a0-142-g31f6795574 (webtiles) character file.

Game seed: 3016664128957021812

5704 Conn the Arsonist (level 10, -3/53 HPs)
             Began as an Octopode Fire Elementalist on June 3, 2023.
             Was a High Priest of Sif Muna.
             Slain by a skeletal warrior
             ... wielding a +2 heavy scimitar
              (28 damage)
             ... in the Dungeon (Sprint II: "The Violet Keep of Menkaure").
             The game lasted 00:19:19 (1345 turns).

Conn the Arsonist (Octopode Fire Elementalist)      Turns: 1345, Time: 00:19:20

Health: -3/53      AC:  1    Str:  8    XL:     10   Next: 76%
Magic:  1/26       EV: 15    Int: 19    God:    Sif Muna [*****.]
Gold:   1147       SH:  0    Dex: 13    Spells: 10/34 levels left

rFire   + . .        r - staff of poison
rCold   . . .        (no shield)
rNeg    . . .        (helmet restricted)
rPois   +            (no amulet)
rElec   .            l - ring of protection from fire
rCorr   .            (no ring)
SInv    .            (no ring)
Will    .....        (no ring)
Stlth   ++++         (no ring)
HPRegen 0.28/turn    (no ring)
MPRegen 0.20/turn    (no ring)
                     (no ring)

%: no teleportation
@: no status effects
A: almost no armour, amphibious, 8 rings, camouflage 1, gelatinous body 1,
(nimble swimmer 1), tentacles, dopey 1, frail 1, subdued magic 1, devolution 1
a: Renounce Religion, Channel Magic, Forget Spell, Divine Exegesis


You were in the Dungeon.
You worshipped Sif Muna.
Sif Muna was extremely pleased with you.
You visited 1 branch You collected 1147 gold pieces.

Inventory:

Armour
 s - a +0 kite shield
Magical Staves
 r - a staff of poison (weapon)
Jewellery
 l - a ring of protection from fire (left tentacle)
Scrolls
 d - 2 scrolls of amnesia {unknown}
 e - a scroll of silence {unknown}
 f - 5 scrolls of blinking
 h - 3 scrolls of identify {unknown}
 j - a scroll of enchant armour {unknown}
 q - a scroll of fog {unknown}
Potions
 a - 5 potions of magic
 b - 3 potions of curing
 i - 2 potions of enlightenment
 k - 2 potions of resistance


   Skills:
 + Level 1.5 Fighting
 + Level 5.7 Dodging
 - Level 5.0 Stealth
 + Level 12.5 Spellcasting
 * Level 10.7 Conjurations
 + Level 2.8 Hexes
 + Level 14.2 Fire Magic
 * Level 6.6 Air Magic
 + Level 3.9 Poison Magic
 * Level 8.0 Invocations


You had 10 spell levels left.
You knew the following spells:

 Your Spells              Type           Power      Damage    Failure   Level
a - Foxfire               Conj/Fire      100%       2x1d9     0%          1
b - Scorch                Fire           100%       2d9       0%          2
c - Inner Flame           Hex/Fire       34%        N/A       1%          3
d - Flame Wave            Conj/Fire      45%        2d12      1%          4
e - Mephitic Cloud        Conj/Pois/Air  44%        N/A       1%          3
f - Plasma Beam           Fire/Air       19%        2x1d31    10%         6
g - Arcjolt               Conj/Air       17%        1d27      3%          5

Your spell library contained the following spells:

 Spells                   Type           Power      Damage    Failure   Level
 Slow                     Hex            68%        N/A       1%          1
 Poisonous Vapours        Pois/Air       72%        N/A       1%          2
 Static Discharge         Conj/Air       68%        2-5/arc   1%          2
 Volatile Blastmotes      Fire/Tloc      58%        2d14      1%          3
 Vhi's Electric Charge    Tloc/Air       36%        N/A       3%          3
 Confusing Touch          Hex            17%        N/A       4%          3
 Summon Lightning Spire   Summ/Air       18%        N/A       12%         4
 Freezing Cloud           Conj/Ice/Air   13%        6-21      12%         5
 Vampiric Draining        Necr           9%         2d6       14%         3
 Ice Form                 Ice/Tmut       9%         N/A       45%         4


Dungeon Overview and Level Annotations

Branches:
Dungeon (1/1)

Altars:
Cheibriados
Dithmenos
Elyvilon
Fedhas
Gozag
Hepliaklqana
Kikubaaqudgha
Makhleb
Nemelex Xobeh
Okawaru
Qazlal
Ru
Sif Muna
Trog
Uskayaw
Vehumet
Wu Jian
Xom
Yredelemnul
Zin
The Shining One
Jiyva
Lugonu

Shops:
D [!:?[(:=[!==[(*

Annotations:
D exclusions: ice statue and oklob plant, Kirke, Roxanne


Innate Abilities, Weirdness & Mutations

You cannot wear most types of armour.
You are amphibious.
You can wear up to eight rings at the same time.
Your skin changes colour to match your surroundings (Stealth+).
Your rubbery body absorbs attacks. (AC +1, EV +1)
((You are camouflaged when in or above water. (Stealth+)))
You have tentacles for arms and can constrict up to eight enemies at once.
You are dopey. (Int -2)
You are frail. (-10% HP)
Your spells are a little easier to cast, but a little less powerful.
You have hidden genetic defects.


Message History

Ouch! That really hurt!
Unknown command.
Unknown command.
Unknown command.
You feel much better.
The skeletal warrior is engulfed in a cloud of scalding steam.
The skeletal warrior misses you.
Casting: Flame Wave (safe; 1% risk of failure)
Confirm with . or Enter, or press ? or * to list all spells.
Flames lash the skeletal warrior.
The skeletal warrior is almost destroyed.
The skeletal warrior's fire resistance burns away.
You aren't carrying any items that you can evoke.
Okay, then.
Unknown command.
Unknown command.
You aren't carrying any items that you can evoke.
Unknown command.
Unknown command.
Unknown command.
Unknown command.
Casting: Foxfire (safe; 0% risk of failure)
Press: ? - help, Q - select action, (/) - cycle Dir - look around, f - activate Look: a skeletal warrior, wielding a +2 heavy scimitar (steam, almost destroyed, more vulnerable to fire)
Okay, then.
Unknown command.
Throw: 2 throwing nets
Press: ? - help, Q - select action, (/) - cycle Shift-Dir - straight line, f - skeletal warrior
Aim: a skeletal warrior, wielding a +2 heavy scimitar (steam, almost destroyed, more vulnerable to fire, 56% to hit)
You throw a throwing net.
The throwing net barely misses the skeletal warrior.
The skeletal warrior hits you with a +2 heavy scimitar!!
Throw: throwing net
Press: ? - help, Q - select action, (/) - cycle Shift-Dir - straight line, f/p - skeletal warrior
Aim: a skeletal warrior, wielding a +2 heavy scimitar (steam, almost destroyed, more vulnerable to fire, 56% to hit)
You throw a throwing net.
The throwing net closely misses the skeletal warrior.
The skeletal warrior hits you with a +2 heavy scimitar!!
Ouch! That really hurt!
You die...

############~~#')'#+++##
###########~~~~~)§~~...#
##........#~~~~.##'##..#
##....⌠...#~~~§##.#÷##.####
##...∩.∩..#~~~~#..#..#....#
##..∩.∩.∩.#§~####.#.####..##
##.∩.∩...∩#§##.###'###.##..#
##∩.∩...∩.#~#..###.###..#..#
##.∩.(...∩'z@##.'.<.'##.'..##
##∩.......#~#..###.##)#.#....
#▓▓▓▓▓▓▓###@##.###'###.##.†..
##)GY######§~####.).####§§..§
#![G#JJ ##~~~#..#..#~§~~~§§
#∩P$+$J#+ +#~##...##~§§~~~§
#!..#)##. #~~##'##~~~§≈≈§§
#/.$###.. #~~~~~~~~~~≈≈§≈
##+###... #+++#+++#~≈≈≈≈§


You could see Kirke and a skeletal warrior (combustible).

Vanquished Creatures
  A yaktaur captain (D)
  A centaur warrior (D)
  2 boulder beetles (D)
  A merfolk siren (D)
  A kobold demonologist (D)
  A yaktaur (D)
  A hornet (D)
  3 polar bears (D)
  3 neqoxecs (D)
  Menkaure (D)
  7 water moccasins (D)
  A swamp drake (D)
  4 scorpions (D)
27 creatures vanquished.

Vanquished Creatures (others)
  A neqoxec (D)
  42 foxfires (D)
  8 tentacles (D)
51 creatures vanquished.

Grand Total: 78 creatures vanquished

Notes
Turn   | Place    | Note
-------+----------+-------------------------------------------
     0 | D        | Conn the Octopode Fire Elementalist began the quest for the
                  | Orb.
     0 | D        | Reached XP level 1. HP: 11/11 MP: 3/3
     1 | D        | Noticed a scorpion
     1 | D        | Noticed a scorpion
     6 | D        | Noticed a scorpion
     9 | D        | Killed a scorpion
    10 | D        | Reached skill level 5 in Fire Magic
    10 | D        | Reached XP level 2. HP: 17/17 MP: 0/7
    10 | D        | Reached XP level 3. HP: 21/21 MP: 0/8
    10 | D        | Reached XP level 4. HP: 27/27 MP: 0/10
    15 | D        | Killed a scorpion
    16 | D        | Reached skill level 6 in Fire Magic
    16 | D        | Reached XP level 5. HP: 31/31 MP: 0/12
    18 | D        | Reached skill level 5 in Spellcasting
    18 | D        | Reached skill level 7 in Fire Magic
    31 | D        | Learned a level 2 spell: Scorch
    35 | D        | Learned a level 3 spell: Inner Flame
    40 | D        | Learned a level 4 spell: Flame Wave
    65 | D        | Reached skill level 5 in Stealth
    65 | D        | Reached skill level 5 in Conjurations
    65 | D        | Reached skill level 8 in Fire Magic
    65 | D        | Reached XP level 6. HP: 31/36 MP: 1/15
    78 | D        | Found Nytt's Antique Armour Shoppe.
    78 | D        | Found Jeonkucw's Antique Weapon Shoppe.
    78 | D        | Found Wiyrofi's Jewellery Emporium.
    78 | D        | Found Uqedoil's Distillery.
    78 | D        | Found Jemmidyv's Jewellery Shoppe.
    79 | D        | Found Becuimip's Antique Armour Shoppe.
    79 | D        | Found Roentegar's Jewellery Emporium.
    80 | D        | Found Xela's Book Shoppe.
    80 | D        | Found Usylom's Antique Weapon Emporium.
    80 | D        | Noticed a water moccasin
    80 | D        | Noticed Menkaure
    85 | D        | Killed a water moccasin
    86 | D        | Reached skill level 9 in Fire Magic
    86 | D        | Found Jicisor's Assorted Antiques.
    86 | D        | Noticed a death yak
    87 | D        | Found Tuvaanawn's Antique Armour Shoppe.
    87 | D        | Found Kyruonka's Magic Scroll Emporium.
    87 | D        | Noticed an oklob plant
    88 | D        | Found Immeotiff's Distillery.
    88 | D        | Found Otamnef's Armour Emporium.
    88 | D        | Found Wiyder's Book Shoppe.
    88 | D        | Noticed a shining eye
    89 | D        | Noticed a shining eye
    96 | D        | Noticed a slime creature
    96 | D        | Noticed a shining eye
    99 | D        | Noticed a slime creature
   102 | D        | Noticed a slime creature
   134 | D        | Noticed a neqoxec
   137 | D        | Noticed a merfolk siren
   140 | D        | Killed a merfolk siren
   141 | D        | Reached skill level 10 in Fire Magic
   141 | D        | Reached XP level 7. HP: 41/41 MP: 1/19
   160 | D        | Noticed an ice statue
   169 | D        | Found a stormy altar of Qazlal.
   169 | D        | Found an ornate altar of the Wu Jian Council.
   170 | D        | Found a hazy altar of Hepliaklqana.
   170 | D        | Found a sacrificial altar of Ru.
   170 | D        | Found a shimmering altar of Xom.
   172 | D        | Found a viscous altar of Jiyva.
   172 | D        | Found a shimmering blue altar of Sif Muna.
   173 | D        | Found a snail-covered altar of Cheibriados.
   173 | D        | Found an ancient bone altar of Kikubaaqudgha.
   173 | D        | Found a bloodstained altar of Trog.
   174 | D        | Found a shadowy altar of Dithmenos.
   174 | D        | Found a corrupted altar of Lugonu.
   175 | D        | Found a white marble altar of Elyvilon.
   175 | D        | Found a burning altar of Makhleb.
   176 | D        | Found a blossoming altar of Fedhas.
   178 | D        | Found an opulent altar of Gozag.
   178 | D        | Found a glowing golden altar of the Shining One.
   178 | D        | Found a basalt altar of Yredelemnul.
   178 | D        | Found a hide-covered altar of Uskayaw.
   178 | D        | Found a sparkling altar of Nemelex Xobeh.
   179 | D        | Found a glowing silver altar of Zin.
   179 | D        | Found a radiant altar of Vehumet.
   179 | D        | Found an iron altar of Okawaru.
   184 | D        | Became a worshipper of Sif Muna the Loreminder
   198 | D        | Noticed a kraken
   321 | D        | Learned a level 3 spell: Mephitic Cloud
   440 | D        | Reached skill level 5 in Dodging
   440 | D        | Reached skill level 11 in Fire Magic
   440 | D        | Reached XP level 8. HP: 39/46 MP: 13/21
   443 | D        | Reached * piety under Sif Muna
   444 | D        | Reached skill level 1 in Poison Magic
   447 | D        | Noticed a polar bear
   449 | D        | Noticed a hornet
   450 | D        | Noticed a yaktaur
   455 | D        | Killed a hornet
   456 | D        | Reached skill level 1 in Hexes
   456 | D        | Reached skill level 1 in Invocations
   461 | D        | Noticed a flying skull
   461 | D        | Noticed a flying skull
   461 | D        | Noticed a flying skull
   461 | D        | Noticed a flying skull
   462 | D        | Noticed a flying skull
   462 | D        | Killed a polar bear
   462 | D        | Noticed a flying skull
   463 | D        | Reached skill level 12 in Fire Magic
   473 | D        | Noticed an orange crystal statue
   641 | D        | Killed a yaktaur
   642 | D        | Reached skill level 10 in Spellcasting
   642 | D        | Reached XP level 9. HP: 46/52 MP: 12/23
   713 | D        | Learned a level 6 spell: Plasma Beam
   713 | D        | Noticed a polar bear
   713 | D        | Noticed a polar bear
   718 | D        | Killed a polar bear
   718 | D        | Reached ** piety under Sif Muna
   719 | D        | Reached skill level 1 in Air Magic
   719 | D        | Killed a polar bear
   720 | D        | Reached skill level 1 in Fighting
   856 | D        | Noticed a death drake
   857 | D        | Noticed a death drake
   870 | D        | Identified Roxanne's Information on Composition
   870 | D        | Noticed Roxanne
   874 | D        | Killed Menkaure
   875 | D        | Reached skill level 5 in Invocations
   876 | D        | Noticed a boulder beetle
   916 | D        | Killed a boulder beetle
   916 | D        | Reached *** piety under Sif Muna
   917 | D        | Reached skill level 13 in Fire Magic
   920 | D        | Noticed a crystal guardian
   936 | D        | Noticed a boulder beetle
   947 | D        | Killed a boulder beetle
   948 | D        | Reached XP level 10. HP: 39/58 MP: 6/25
   973 | D        | Learned a level 5 spell: Arcjolt
   978 | D        | Noticed Kirke
   978 | D        | Noticed a yaktaur captain
   978 | D        | Noticed a kobold demonologist
   979 | D        | Noticed a skeletal warrior
   985 | D        | Noticed a centaur warrior
   988 | D        | Killed a yaktaur captain
   989 | D        | Reached skill level 10 in Conjurations
   989 | D        | Reached skill level 5 in Air Magic
   989 | D        | Noticed a rust devil
   990 | D        | Killed a centaur warrior
   993 | D        | Reached **** piety under Sif Muna
  1116 | D        | Gained mutation: You have hidden genetic defects. [a
                  | neqoxec]
  1118 | D        | Gained mutation: You are frail. (-10% HP) [a neqoxec]
  1123 | D        | Reached skill level 14 in Fire Magic
  1123 | D        | Gained mutation: Your spells are a little easier to cast,
                  | but a little less powerful. [a neqoxec]
  1129 | D        | Reached ***** piety under Sif Muna
  1129 | D        | Received a gift from Sif Muna
  1130 | D        | Got Afim's Monograph on the Feathery Gestalt {god gift}
  1241 | D        | Killed a kobold demonologist
  1255 | D        | Gained mutation: You are dopey. (Int -2) [hidden defects]
  1345 | D        | Slain by a skeletal warrior

Illustrated notes

Levels and vault maps discovered:
D:        the_violet_keep_of_menkaure [sprint2_stairs_cluster_1,
          sprint2_shoproom, sprint2_temple, sprint2_basic_supplies,
          sprint2_obstacle_2, sprint2_obstacle_4, sprint2_obstacle_6,
          sprint2_obstacle_3, sprint2_obstacle_5, sprint2_timed_cluster_1,
          sprint2_smallroom_cluster_1, sprint2_smallroom_final_cluster_1,
          sprint2_transparent_cluster_1, sprint2_second_timed_cluster_1,
          sprint2_sniper_area_1, sprint2_heavy_combat_area_1,
          sprint2_mutation_trap_area_1, sprint2_forest_area_1,
          sprint2_light_combat_area_1, sprint2_behind_water_1,
          sprint2_near_end_vault_1]

Skill      XL: |  1  2  3  4  5  6  7  8  9 10 |
---------------+-------------------------------+-----
Dodging        | 3 4 5 |  5.7
Stealth        | 3 4 5 |  5.0
Spellcasting   | 4 6 8 9 10 11 12 | 12.5
Conjurations   | 3 5 6 7 8 9 10 | 10.7
Fire Magic     | 5 6 8 10 11 12 13 14 | 14.2
Poison Magic   | 1 3 |  3.9
Hexes          | 1 2 |  2.8
Invocations    | 3 6 8 |  8.0
Air Magic      | 4 6 |  6.6
Fighting       | 1 |  1.5

Action                     |  1- 3 |  4- 6 |  7- 9 | 10-12 || total
---------------------------+-------+-------+-------+-------++-------
  Melee: Unarmed           |     1 |     7 |       |       ||     8
         Constrict         |     1 |     1 |       |       ||     2
         Tentacles         |     1 |     1 |       |       ||     2
  Throw: Throwing net      |       |       |       |     2 ||     2
   Cast: Foxfire           |     3 |     2 |    20 |     5 ||    30
         Scorch            |       |     6 |    18 |     7 ||    31
         Inner Flame       |       |     1 |     6 |     3 ||    10
         Mephitic Cloud    |       |       |     7 |       ||     7
         Flame Wave        |       |       |     8 |     7 ||    15
         Plasma Beam       |       |       |       |     2 ||     2
 Invoke: Channel Magic     |       |       |     2 |       ||     2
    Use: Potion            |     2 |       |     3 |     6 ||    11
         Scroll            |       |       |     1 |       ||     1
 Armour: Skin              |       |     1 |     1 |       ||     2
  Dodge: Dodged            |       |     3 |    16 |     7 ||    26

Table legend: (Time is in decaauts)
 A = Elapsed time spent in this place.
 B = Non-inter-level travel time spent in this place.
 C = Inter-level travel time spent in this place.
 D = Time resting spent in this place.
 E = Time spent auto-exploring this place.
 F = Levels seen in this place.
 G = Mean time per level.
                   A        B        C        D        E       F      G
               +--------+--------+--------+--------+--------+-----+--------+
         Total |   1322 |   1322 |      0 |    591 |      0 |   1 | 1322.0 |
       Dungeon |   1322 |   1322 |      0 |    591 |      0 |   1 | 1322.0 |
               +--------+--------+--------+--------+--------+-----+--------+

Top non-repeatable levels by time:
       D: 1322 daAuts
